Map: Dusk Towers

Players

BeaboTv

  • Race: Terran Terran
  • League: Silver
  • Spawn Location: 7:00

Fropez - Winner!

  • Race: Protoss Protoss
  • League: Silver
  • Spawn Location: 1:00

VOD

Have the link to the VOD?

Description

Time

  • Played on: June 2, 2016, 11:22 a.m.
  • Length: 26:23
Show
View Real Time Build Order
Export as new Build Order

BeaboTv Terran 

Build Orders:  

Get SALT Encoding   

  12  0:01  SCV  
  13  0:13  SCV  
  14  0:18  Supply Depot  
  14  0:25  SCV  
  15  0:39  SCV  
  15  0:42  Barracks  
  16  0:45  Refinery  
  16  0:51  SCV  
  17  1:01  Supply Depot  
  17  1:03  SCV  
  18  1:16  SCV  
  19  1:25  Barracks  
  19  1:28  SCV  
  19  1:29  Barracks Reactor  
  20  1:40  SCV, Supply Depot  
  21  1:52  Orbital Command  
  21  2:09  Reaper x2  
  23  2:25  Command Center  
  23  2:29  Barracks Tech Lab  
  23  2:30  SCV  
  23  2:35  Refinery  
  24  2:42  SCV  
  25  2:46  Marine x2  
  27  2:52  Marauder  
  27  2:58  SCV  
  30  3:07  Engineering Bay  
  30  3:09  Marine  
  30  3:11  Marine  
  31  3:30  SCV  
  31  3:31  Marine x2  
  31  3:32  Marauder  
  36  3:45  SCV  
  36  3:47  Orbital Command  
  36  3:51  Marine x2  
  38  3:58  Factory  
  38  4:07  SCV  
  39  4:10  Marine x2  
  39  4:16  Combat Shields  
  41  4:18  Marauder  
  41  4:20  SCV  
  41  4:22  SCV  
  45  4:26  Supply Depot  
  45  4:31  Marine x2  
  46  4:35  SCV x2  
  49  4:44  Factory Reactor  
  49  4:48  Starport  
  49  4:51  SCV x2  
  49  4:52  Marine x2  
  52  4:54  Marauder  
  55  5:00  Terran Infantry Weapons Level 1  
  55  5:01  Supply Depot  
  55  5:05  SCV x2  
  57  5:17  Marine  
  57  5:18  Marine, Marauder  
  61  5:22  Widow Mine x2  
  61  5:26  Starport Reactor  
  65  5:30  Barracks  
  65  5:33  SCV  
  65  5:34  SCV  
  67  5:40  Marine  
  67  5:41  Marine, Concussive Shells  
  69  6:00  Marine  
  70  6:19  Barracks Reactor  
  70  6:26  Command Center  
  70  6:34  Armory  
  70  6:39  Refinery  
  70  6:42  Refinery  
  70  6:55  Marine, SCV  
  70  6:56  Marine, SCV  
  70  6:58  Hellion  
  70  6:59  Hellion  
  70  7:01  Medivac  
  70  7:02  Marauder  
  70  7:04  Medivac  
  70  7:07  SCV  
  70  7:14  Stimpack  
  70  7:35  Missile Turret  
  70  7:37  Marine x4, SCV x2  
  70  7:38  Marauder, Hellbat x2  
  70  7:40  Missile Turret  
  82  7:44  Missile Turret  
  82  7:49  SCV  
  82  7:50  SCV  
  84  8:02  SCV  
  85  8:07  SCV  
  85  8:11  Marine x2  
  85  8:12  Marine x2  
  90  8:13  Marauder  
  90  8:14  Missile Turret  
  92  8:27  Planetary Fortress  
  92  8:32  Missile Turret  
  92  8:33  Medivac  
  93  8:37  Hellbat  
  93  8:59  Missile Turret  
  93  9:00  Missile Turret  
  93  9:29  Supply Depot  
  93  9:31  Marine x4, SCV x2  
  93  9:32  Marauder  
  101  9:48  SCV  
  101  9:49  SCV  
  101  9:51  SCV, Hellbat x2  
  101  9:52  Supply Depot  
  103  10:00  SCV  
  103  10:01  SCV  
  103  10:03  SCV  
  106  10:09  Marine x3  
  106  10:13  Marauder  
  106  10:14  Marine, Viking x2  
  112  10:15  SCV, Supply Depot  
  112  10:16  Hellbat  
  110  11:04  Marine  
  110  11:05  Marine x2, SCV  
  110  11:07  Marine, SCV  
  110  11:09  Marauder  
  91  11:26  Hellbat x2  
  91  11:27  Viking  
  91  11:28  Marine  
  88  11:34  SCV  
  79  11:50  Marine  
  79  11:51  Marine x3  
  83  12:01  Marauder  
  85  12:16  Command Center  
  85  12:31  SCV, Refinery  
  85  12:32  Marine, SCV, Refinery  
  85  12:33  Marine x2  
  85  12:35  Marine  
  91  12:49  Marauder  
  93  12:53  Marine x3  
  93  12:54  Marine  
  97  13:03  SCV  
  97  13:04  SCV  
  89  13:35  Marine x4  
  89  13:36  Marauder  
  89  13:37  Hellbat x2  
  89  13:38  Viking x2  
  71  14:47  Marine  
  71  14:50  Marine  
  71  14:51  Marauder  
  71  14:52  Hellbat  
  70  14:54  Marine x2, Hellbat  
  70  14:57  Medivac  
  70  15:01  Medivac  
  62  15:21  Marine  
  62  15:22  Marine x3, Command Center  
  62  15:23  Marauder  
  62  15:26  Hellion  
  68  15:58  Marine x2  
  70  16:15  Orbital Command  
  61  16:39  Marine  
  54  16:44  Hellion  
  54  16:59  Orbital Command  
  54  17:04  Marine  
  28  21:24  Command Center  
Show
View Real Time Build Order
Export as new Build Order

Fropez Protoss - Winner!

Build Orders:  

Get SALT Encoding   

  12  0:01  Probe (Chrono Boost)  
  13  0:14  Pylon  
  13  0:18  Probe (Chrono Boost)  
  14  0:34  Gateway  
  14  0:47  Probe (Chrono Boost)  
  15  0:50  Assimilator  
  15  0:57  Probe (Chrono Boost)  
  16  1:06  Pylon  
  16  1:08  Probe (Chrono Boost)  
  16  1:11  Pylon  
  18  1:18  Probe (Chrono Boost)  
  18  1:20  Assimilator  
  18  1:26  Cybernetics Core  
  18  1:29  Probe (Chrono Boost)  
  19  1:34  Assimilator  
  19  1:39  Probe (Chrono Boost)  
  20  1:50  Probe (Chrono Boost)  
  21  1:57  Gateway  
  22  2:03  Warp Gate (Chrono Boost)  
  22  2:05  Stalker  
  23  2:15  Mothership Core  
  25  2:34  Gateway  
  25  2:38  Pylon  
  25  2:46  Probe  
  25  2:47  Pylon  
  26  2:54  Stalker  
  28  3:08  Probe  
  29  3:13  Robotics Facility  
  30  3:36  Probe  
  31  3:48  Probe  
  30  4:00  Probe  
  31  4:04  Warp Prism  
  31  4:08  Stalker x3  
  39  4:14  Probe  
  40  4:26  Probe  
  40  4:28  Forge  
  41  4:31  Pylon  
  41  4:38  Probe  
  42  4:50  Probe  
  42  4:51  Observer  
  44  5:00  Twilight Council  
  44  5:01  Protoss Ground Weapons Level 1 (Chrono Boost)  
  44  5:02  Probe  
  44  5:06  Stalker x2  
  49  5:14  Probe  
  50  5:26  Probe  
  51  5:32  Observer, Gateway  
  52  5:38  Probe, Gateway  
  53  5:55  Probe  
  54  5:57  Blink (Chrono Boost)  
  54  6:07  Nexus  
  52  6:48  Zealot  
  52  6:49  Zealot x4  
  52  7:12  Zealot  
  52  7:13  Zealot x4  
  62  7:21  Probe  
  52  7:23  Probe  
  52  7:26  Immortal  
  58  7:38  Dark Shrine  
  58  7:42  Probe  
  58  7:43  Pylon  
  59  7:47  Probe, Assimilator  
  59  7:51  Assimilator  
  60  7:54  Pylon, Probe  
  61  8:09  Stalker x3  
  67  8:56  Dark Templar  
  67  8:57  Dark Templar x4  
  67  8:59  Observer  
  67  9:00  Probe  
  67  9:01  Probe  
  67  9:02  Protoss Ground Weapons Level 2 (Chrono Boost)  
  80  9:12  Probe  
  80  9:13  Probe  
  82  9:17  Nexus  
  82  9:19  Assimilator  
  82  9:23  Assimilator  
  82  9:34  Stalker x3  
  82  9:35  Stalker  
  88  9:54  Dark Templar  
  90  10:13  Zealot x2  
  94  10:22  Pylon  
  94  10:25  Pylon  
  94  10:28  Pylon  
  94  10:30  Pylon  
  79  10:50  Dark Templar  
  79  10:51  Dark Templar x2  
  79  10:52  Zealot  
  74  11:52  Pylon  
  74  11:55  Assimilator  
  74  12:10  Nexus  
  74  12:12  Assimilator  
  74  12:17  Probe x2, Assimilator  
  76  12:27  Nexus  
  76  12:29  Assimilator  
  76  12:33  Assimilator  
  76  12:34  Probe  
  76  12:35  Probe  
  76  12:36  Pylon  
  77  12:38  Pylon  
  78  12:46  Pylon  
  78  12:48  Pylon  
  78  12:51  Dark Templar  
  80  12:59  Gateway  
  80  13:00  Gateway  
  80  13:06  Gateway  
  80  13:07  Gateway  
  80  13:11  Gateway  
  80  13:15  Gateway x2  
  78  13:53  Gateway  
  78  13:54  Gateway  
  76  13:56  Gateway  
  72  14:12  Dark Templar x2  
  63  15:08  Gateway  
  63  15:10  Dark Shrine  
  63  15:28  Zealot  
  63  15:29  Zealot  
  67  15:46  Nexus  
  67  15:49  Assimilator  
  67  15:53  Assimilator  
  67  16:00  Nexus  
  67  16:01  Probe  
  67  16:02  Assimilator  
  68  16:06  Assimilator  
  68  16:11  Pylon  
  68  16:12  Probe  
  68  16:18  Pylon  
  65  16:31  Nexus  
  63  16:33  Assimilator  
  63  16:39  Assimilator  
  61  16:42  Pylon  
  61  16:43  Pylon  
  61  17:00  Probe x2  
  63  17:25  Zealot x3  
  69  17:37  Gateway  
  69  17:50  Gateway  
  69  17:52  Gateway  
  69  17:53  Probe x3  
  69  17:54  Gateway  
  69  17:56  Gateway  
  72  17:58  Gateway  
  72  17:59  Gateway  
  72  18:00  Gateway  
  72  18:06  Cybernetics Core  
  72  18:11  Pylon x2  
  58  18:13  Pylon  
  58  18:17  Pylon  
  44  18:54  Twilight Council  
  44  18:57  Pylon  
  44  18:58  Pylon  
  44  18:59  Pylon  
  44  19:02  Forge  
  44  19:03  Probe x3  
  44  19:09  Pylon  
  47  19:17  Forge  
  39  19:27  Stalker  
  39  19:28  Stalker x6  
  39  19:31  Probe x2  
  55  19:41  Probe x2  
  56  20:07  Nexus  
  53  20:33  Stalker x4  
  60  21:34  Pylon  
  60  21:35  Assimilator  
  60  21:39  Assimilator  
  60  22:32  Gateway  
  60  22:34  Pylon  
  48  23:58  Nexus  
  47  24:15  Nexus  
  47  25:37  Pylon  
  47  25:39  Pylon  
  47  25:56  Gateway  
  47  25:59  Gateway  
  47  26:00  Gateway  
  47  26:10  Nexus  
Tags
 
Matchup
PvT
Replay Pack
All Mines
Spawn Locations
Cross Positions
Add a new tag
Caveats
  • Supply blocks, unpowered buildings, or Contaminate may cause inaccurate times.
  • Supply counts are checked every 10 seconds.